 Dungeon Crawl Stone Soup version 0.17-a0-2127-g1cb09f6 (webtiles) character file.

99201 Arkorax the Eclecticist (level 15, -6/80 HPs)
             Began as a Deep Elf Ice Elementalist on Oct 21, 2015.
             Was the Champion of Sif Muna.
             Mangled by Donald
             ... wielding a +0 broad axe of chopping
              (9 damage)
             ... on level 3 of the Orcish Mines on Oct 22, 2015.
             The game lasted 02:56:50 (41603 turns).

Arkorax the Eclecticist (DEIE)                     Turns: 41603, Time: 02:56:52

Health: -6/80      AC: 19    Str: 14    XL:     15   Next: 77%
Magic:  27/48      EV: 13    Int: 27    God:    Sif Muna [******]
Gold:   2643       SH:  5    Dex: 17    Spells: 7 memorised, 17 levels left

rFire  . . .     SeeInvis .     N - staff of poison
rCold  . . .     Clarity  .     A - +3 robe of the Manifold Dances {rElec MR- Regen+ Dex+2}
rNeg   . . .     SustAt   .     R - +0 buckler
rPois  +         Gourm    +     V - +1 helmet
rElec  +         Spirit   .     v - +2 cloak
rCorr  .         Warding  .     X - +3 pair of gloves of Mental Paralysis {Str+4}
rMut   .         Stasis   .     Q - +1 pair of boots
MR     .....                    o - amulet of the gourmand
Stlth  ++........               q - +3 ring of protection
                                O - ring of Eshanwuete {MP+9 Str+5}

@: studying 2 skills, not resistant to hostile enchantments, unstealthy
A: no striking features
a: Channel Energy, Forget Spell, Renounce Religion


You were on level 3 of the Orcish Mines.
You worshipped Sif Muna.
Sif Muna was exalted by your worship.
You were not hungry.

You visited 3 branches of the dungeon, and saw 26 of its levels.
You also visited: Labyrinth and Bailey.

You collected 2643 gold pieces.

Inventory:

Hand Weapons
 a - a +3 quarterstaff of electrocution
Armour
 v - a +2 cloak (worn)
 A - the +3 robe of the Manifold Dances (worn) {rElec MR- Regen+ Dex+2}
   (You found it on level 4 of the Dungeon)

   It affects your dexterity (+2).
   It insulates you from electricity.
   It affects your resistance to hostile enchantments.
   It increases your rate of regeneration.
 Q - a +1 pair of boots (worn)
 R - a +0 buckler (worn)
 V - a +1 helmet (worn)
 X - the +3 pair of gloves of Mental Paralysis (worn) {Str+4}
   (You found it on level 4 of the Lair of Beasts)

   It affects your strength (+4).
Magical Staves
 N - an uncursed staff of poison (weapon)
Jewellery
 e - an uncursed ring of protection from magic
 n - an uncursed ring of ice
 o - an amulet of the gourmand (around neck)
 q - a +3 ring of protection (right hand)
 J - an uncursed ring of see invisible
 O - the ring of Eshanwuete (left hand) {MP+9 Str+5}
   (You found it on level 12 of the Dungeon)

   [ring of magical power]

   It affects your strength (+5).
   It affects your magic capacity (+9).
Wands
 j - a wand of disintegration (17)
 H - a wand of heal wounds (4)
 M - a wand of fireball (8)
 W - a wand of digging (10)
Scrolls
 d - 3 scrolls of recharging
 h - 3 scrolls of enchant armour
 i - 9 scrolls of remove curse
 u - 2 scrolls of amnesia
 D - a scroll of fear
 F - a scroll of brand weapon
 S - 2 scrolls of fog
 U - 2 scrolls of magic mapping
Potions
 b - 2 potions of cancellation
 c - a potion of experience {unknown}
 f - 5 potions of lignification
 g - 6 potions of brilliance
 k - 3 potions of curing
 m - 10 potions of agility
 p - a potion of might
 s - 2 potions of cure mutation
 w - 2 potions of poison
 x - 5 potions of berserk rage
 z - a potion of invisibility
 C - 3 potions of ambrosia
 E - 4 potions of heal wounds
 I - a potion of resistance
 K - a potion of haste
 T - a potion of mutation {unknown}
Books
 l - Sif Muna's Volume of Cloudy Battle Magic
   (Sif Muna gifted it to you on level 14 of the Dungeon)

   Spells                             Type                      Level
   a - Sting                          Conjuration/Poison           1
   b - Flame Tongue                   Conjuration/Fire             1
   c - Lightning Bolt                 Conjuration/Air              5
   d - Conjure Ball Lightning         Conjuration/Air              6
   e - Spellforged Servitor           Conjuration/Summoning        7
 L - a manual of
Armour
 Y - a manual of Short Blades
Comestibles
 r - a bread ration
 B - 5 fruits
 G - 8 slices of pizza
 P - a beef jerky
 Z - 2 meat rations


   Skills:
 * Level 3.9 Fighting
   Level 0.1 Long Blades
   Level 0.1(0.2) Maces & Flails
 - Level 0.4 Staves
 - Level 2.4 Dodging
 - Level 2.4 Stealth
 + Level 4.0 Shields
 - Level 18.9 Spellcasting
 - Level 15.5 Conjurations
 - Level 5.1 Summonings
 - Level 5.0 Necromancy
 - Level 14.4 Ice Magic
 - Level 1.2 Air Magic
 - Level 10.9 Poison Magic
 + Level 2.0 Invocations


You had 17 spell levels left.
You knew the following spells:

 Your Spells              Type           Power        Failure   Level  Hunger
a - Freeze                Ice            ####         0%          1    None
b - Summon Ice Beast      Ice/Summ       ######..     1%          4    None
c - Throw Icicle          Conj/Ice       #######.     1%          4    None
d - Orb of Destruction    Conj           #######...   2%          7    ####...
e - Poison Arrow          Conj/Pois      #######...   1%          6    ##.....
f - Simulacrum            Ice/Necr       ######....   8%          6    ##.....
g - Poisonous Cloud       Conj/Pois/Air  #######...   10%         6    ##.....


Dungeon Overview and Level Annotations

Branches:
Dungeon (15/15)            Temple (0/1) D:6            Lair (8/8) D:9
  Swamp (0/4) Lair:6       Spider (0/4) Lair:3        Slime (0/6) Lair:8
    Orc (3/4) D:12         Vaults (0/5) D:14         Depths (0/5) D:15
    Elf: Orc:3-4

Altars:
Ashenzari
Fedhas
Gozag
Nemelex Xobeh
Qazlal
Ru
Sif Muna
Trog
Vehumet
Xom
Yredelemnul
The Shining One
Beogh
Jiyva

Shops:
D:6 %

Portals:
Trove: D:14 (show slimy rune of Zot)

Annotations:
D:7 Blork the orc
Lair:6 exclusion: oklob plant
Orc:3 Donald


Message History

The wavering orb of destruction hits Donald.
Donald is heavily wounded.
Casting: Orb of Destruction
Confirm with . or Enter, or press ? or * to list all spells.
Aiming: Orb of Destruction
Press: ? - help, Shift-Dir - straight line, f/p - Donald
Aim: Donald, wielding a broad axe of chopping, wearing a plate armour and wearing a glowing shield (heavily wounded) Donald reflects your orb of destruction with its glowing shield!
Casting: Orb of Destruction
Confirm with . or Enter, or press ? or * to list all spells.
Aiming: Orb of Destruction
Press: ? - help, Shift-Dir - straight line, f/p - Donald
Aim: Donald, wielding a broad axe of chopping, wearing a plate armour and wearing a shield of reflection (heavily wounded) Donald reflects your orb of destruction with its shield of reflection!
The wavering orb of destruction hits you!
The orb of destruction hits you!
Ouch! That really hurt!
* * * LOW HITPOINT WARNING * * *
Donald hits you with a broad axe of chopping!
You die...

#.#.......)<>........#.
.##.....)...).......#.##
....#....................
#..........#......)......
...#......................
........##..#..#...........
........##.................
#.#.##.###..#.............#
.###.@....._.....##...
#..ยง@.........#.##.#
##.#.............###
####.##..........#
##.#...#......##..##
#...#.#....#.###...#
#.......####...### ##.##
.....#@## #...##### ###
.... .. ##....##.##


You could see Donald.

Vanquished Creatures
  Rupert (Lair:3)
  Frances (D:14)
  Kirke (D:12)
  A fire giant (D:15)
  An ettin (D:13)
  An ice dragon (Lair:8)
  A minotaur (Lab)
  Fannar (Lair:1)
  Harold (Orc:2)
  A great orb of eyes (D:13)
  7 hydras
  3 centaur warriors
  2 catoblepae
  A tengu warrior (D:12)
  12 death yaks
  An unseen horror (D:13)
  A necromancer (Lair:4)
  7 orc knights
  7 hill giants
  2 wizards (D:14)
  An orc sorcerer (D:15)
  2 manticores
  2 griffons
  4 cyclopes
  5 black mambas
  12 ugly things
  2 elephants (Lair:4)
  A torpor snail (Lair:8)
  5 gargoyles
  18 spiny frogs
  11 komodo dragons
  2 efreet
  3 tengu conjurers
  A fire drake (Lair:6)
  A freezing wraith (D:13)
  2 two-headed ogres (D:12)
  A giant leech (Lair:8)
  4 trolls
  3 slime creatures
  A trapdoor spider zombie (D:14)
  A boulder beetle (Lair:6)
  9 blink frogs
  2 shadows
  A wraith (D:11)
  A water elemental (D:11)
  6 wyverns
  5 deep elf magi
  49 yaks
  14 hippogriffs
  4 hogs (D:12)
  The ghost of Arkorax the Chiller, an amateur NaIE of Sif Muna (D:3)
  5 basilisks
  A vampire mosquito (D:13)
  5 mottled dragons
  2 deep elf fighters
  A soldier ant (D:11)
  4 wolves
  2 wargs (Orc:1)
  16 water moccasins
  A swamp worm (Lair:6)
  19 porcupines
  24 orc warriors
  A swamp drake (Lair:8)
  A black bear (Lair:3)
  3 wasps
  A phantom (D:5)
  A spider (Lair:3)
  An eye of draining (D:14)
  4 ice beasts
  5 ogres
  2 sky beasts
  A black bear (shapeshifter) (D:13)
  A centaur (D:12)
  17 crocodiles
  A big kobold (D:10)
  2 brain worms (Lair:8)
  16 giant frogs
  A wyvern zombie (D:14)
  A wyvern skeleton (D:13)
  2 scorpions (D:12)
  3 killer bees (Lair:1)
  10 wights
  A killer bee (shapeshifter) (D:14)
  17 electric eels
  3 giant frog zombies
  2 centaur zombies
  A basilisk zombie (Lair:4)
  4 crimson imps
  6 hounds
  11 orc priests
  2 giant frog skeletons (D:8)
  4 centaur skeletons
  A wyvern simulacrum (D:15)
  11 orc wizards
  A quasit (D:7)
  11 iguanas
  10 worker ants
  A killer bee zombie (D:10)
  2 crocodile zombies (Lair:4)
  4 sheep (Lair:6)
  A hound skeleton (D:6)
  A worker ant zombie (D:8)
  10 river rats
  6 adders
  5 shadow imps
  An adder skeleton (D:8)
  An ooze (D:3)
  11 worms (Lair:8)
  10 giant geckos
  84 orcs
  8 bats
  4 giant cockroaches
  4 hobgoblins
  14 jackals
  16 kobolds
  4 quokkas
  A giant gecko zombie (D:8)
  3 giant newts (D:2)
  9 goblins
  A quokka zombie (D:9)
  3 rats
  A fungus (Lair:8)
671 creatures vanquished.

Vanquished Creatures (collateral kills)
  Snorg (Lair:5)
  A fire dragon (Lair:8)
  A lindwurm (Lair:8)
  An ugly thing (D:13)
  A griffon (Lair:5)
  A centaur zombie (D:10)
  3 torpor snails (Lair:8)
  2 spiny frogs
  A komodo dragon (Lair:8)
  A queen bee (Lair:1)
  A troll (D:9)
  2 giant leeches (Lair:8)
  4 blink frogs (Lair:8)
  5 slime creatures (D:14)
  2 two-headed ogres
  A wraith (D:10)
  A wyvern (D:8)
  29 yaks
  Eustachio (D:4)
  2 hippogriffs
  13 wolves
  A hungry ghost (Lab)
  Menkaure (D:4)
  3 water moccasins
  3 porcupines (Lair:1)
  3 swamp drakes (Lair:8)
  3 ogres
  7 spiders (Lair:3)
  4 crocodiles (Lair:8)
  2 wasps (Lair:8)
  2 ice beasts
  A sky beast (D:5)
  3 centaurs
  2 big kobolds
  6 giant frogs
  2 brain worms (Lair:8)
  A wyvern skeleton (D:6)
  A scorpion (D:8)
  27 killer bees
  3 crimson imps
  A hound (D:9)
  A jelly (D:8)
  A quasit (D:11)
  2 giant frog skeletons
  3 iguanas
  3 orc wizards
  3 orc priests
  4 worker ants
  An adder (D:8)
  36 river rats
  An adder zombie (D:9)
  4 worms
  20 orcs
  2 jackals
  8 kobolds
  12 fungi
  9 plants
260 creatures vanquished.

Vanquished Creatures (others)
  A jackal (D:9)
  2 bushes (Lair:6)
  44 fungi
  45 plants
92 creatures vanquished.

Grand Total: 1023 creatures vanquished

Notes
Turn   | Place    | Note
--------------------------------------------------------------
     0 | D:1      | Arkorax the Deep Elf Ice Elementalist began the quest for the Orb.
     0 | D:1      | Reached XP level 1. HP: 10/10 MP: 6/6
   567 | D:1      | Reached XP level 2. HP: 13/15 MP: 6/8
   981 | D:1      | Reached skill level 4 in Ice Magic
  1167 | D:1      | Reached XP level 3. HP: 15/19 MP: 0/10
  1853 | D:2      | Found a stormy altar of Qazlal.
  2171 | D:3      | Noticed Arkorax's ghost (amateur NaIE)
  2219 | D:3      | Killed Arkorax's ghost
  2219 | D:3      | Reached skill level 5 in Spellcasting
  2219 | D:3      | Reached skill level 5 in Ice Magic
  2219 | D:3      | Reached XP level 4. HP: 7/24 MP: 1/13
  2219 | D:3      | Reached XP level 5. HP: 8/28 MP: 1/15
  2443 | D:2      | Learned a level 4 spell: Summon Ice Beast
  2699 | D:3      | Found a glowing golden altar of the Shining One.
  3704 | D:4      | Found a deep blue altar of Sif Muna.
  3711 | D:4      | Became a worshipper of Sif Muna the Loreminder
  3740 | D:4      | Reached skill level 1 in Summonings
  3745 | D:4      | Reached skill level 6 in Ice Magic
  3745 | D:4      | Reached XP level 6. HP: 20/32 MP: 4/16
  3776 | D:4      | Got a silken robe
  3945 | D:4      | Identified the +3 robe of the Manifold Dances {rElec MR- Regen+ Dex+2} (You found it on level 4 of the Dungeon)
  3950 | D:4      | Learned a level 4 spell: Throw Icicle
  4149 | D:4      | Lost strength.
  4150 | D:4      | Noticed Eustachio
  4204 | D:4      | Killed Eustachio
  4501 | D:4      | Found a radiant altar of Vehumet.
  4601 | D:4      | Noticed Menkaure
  4613 | D:4      | Killed Menkaure
  4785 | D:4      | Reached XP level 7. HP: 36/36 MP: 10/17
  4798 | D:5      | Entered Level 5 of the Dungeon
  4860 | D:5      | Reached skill level 7 in Ice Magic
  4907 | D:5      | Found a blossoming altar of Fedhas.
  5032 | D:5      | Reached * piety under Sif Muna
  5675 | D:5      | Found a sacrificial altar of Ru.
  5712 | D:5      | Reached skill level 5 in Summonings
  5848 | D:6      | Found Qeybbuk's Food Shop.
  5849 | D:6      | Found a staircase to the Ecumenical Temple.
  6022 | D:6      | Reached skill level 8 in Ice Magic
  6129 | D:6      | Reached XP level 8. HP: 41/41 MP: 9/18
  6371 | D:6      | Reached ** piety under Sif Muna
  6900 | D:7      | Found a shattered altar of Ashenzari.
  7076 | D:7      | Reached skill level 9 in Ice Magic
  7278 | D:7      | Found a shimmering altar of Xom.
  7377 | D:7      | Noticed Blork the orc
  7684 | D:8      | Found a radiant altar of Vehumet.
  8204 | D:8      | Reached skill level 10 in Ice Magic
  8381 | D:8      | Reached *** piety under Sif Muna
  8841 | D:9      | Noticed a troll
  8863 | D:9      | Reached XP level 9. HP: 45/45 MP: 5/19
  8870 | D:9      | Killed a troll
  8929 | D:9      | Reached skill level 11 in Ice Magic
  9248 | D:9      | Learned a level 1 spell: Apportation
  9410 | D:9      | Found an opulent altar of Gozag.
  9410 | D:9      | Found a sparkling altar of Nemelex Xobeh.
  9446 | D:9      | Found a staircase to the Lair.
  9651 | D:9      | Reached **** piety under Sif Muna
  9796 | D:9      | Reached skill level 5 in Conjurations
 10228 | D:10     | Entered Level 10 of the Dungeon
 10268 | D:10     | Reached skill level 12 in Ice Magic
 10330 | D:10     | Upgraded the game from 0.17-a0-2122-g03d97ec to 0.17-a0-2127-g1cb09f6
 10606 | D:10     | Reached ***** piety under Sif Muna
 10799 | D:10     | Noticed a centaur zombie
 10819 | D:10     | Killed a centaur zombie
 11042 | D:10     | Reached XP level 10. HP: 50/50 MP: 15/20
 11570 | D:11     | Reached skill level 13 in Ice Magic
 12385 | D:10     | Found a basalt altar of Yredelemnul.
 12808 | Lair:1   | Entered Level 1 of the Lair of Beasts
 12826 | Lair:1   | Noticed a griffon
 12831 | Lair:1   | Killed a griffon
 13166 | Lair:1   | Reached ****** piety under Sif Muna
 13422 | Lair:1   | Received a gift from Sif Muna
 13596 | Lair:1   | Reached skill level 14 in Ice Magic
 13824 | Lair:1   | Learned a level 6 spell: Poison Arrow
 14181 | Lair:1   | Reached XP level 11. HP: 54/54 MP: 12/21
 14386 | Lair:1   | Noticed Fannar
 14664 | Lair:1   | Reached skill level 1 in Poison Magic
 15412 | Lair:2   | Reached skill level 10 in Conjurations
 15813 | Lair:1   | Killed Fannar
 16458 | Lair:3   | Received a gift from Sif Muna
 16459 | Lair:3   | Identified Sif Muna's Disquisition on the Glacier and Conjuration (Sif Muna gifted it to you on level 3 of the Lair of Beasts)
 16867 | Lair:3   | Found a hole to the Spider Nest.
 17257 | Lair:3   | Noticed Rupert
 17646 | Lair:3   | Paralysed by Rupert for 3 turns
 17649 | Lair:3   | Killed Rupert
 17649 | Lair:3   | Reached skill level 5 in Poison Magic
 17649 | Lair:3   | Reached XP level 12. HP: 43/59 MP: 2/22
 18557 | Lair:4   | Got a pair of slimy gloves
 18568 | Lair:4   | Identified the +3 pair of gloves of Mental Paralysis {Str+4} (You found it on level 4 of the Lair of Beasts)
 18661 | Lair:1   | Learned a level 6 spell: Simulacrum
 19074 | Lair:4   | Received a gift from Sif Muna
 19075 | Lair:4   | Identified Sif Muna's Catalogue of Battle Magic (Sif Muna gifted it to you on level 4 of the Lair of Beasts)
 19892 | Lair:4   | Reached skill level 1 in Necromancy
 19998 | Lair:4   | Noticed a five-headed hydra
 20016 | Lair:4   | Killed a five-headed hydra
 20321 | Lair:5   | Noticed Snorg
 20331 | Lair:5   | Killed Snorg
 21417 | Lair:5   | Received a gift from Sif Muna
 21420 | Lair:5   | Identified Sif Muna's Early Guide to Hermeneutics (Sif Muna gifted it to you on level 5 of the Lair of Beasts)
 21436 | Lair:5   | Learned a level 7 spell: Orb of Destruction
 22061 | Lair:6   | Found a deep blue altar of Sif Muna.
 22071 | Lair:6   | Noticed an eight-headed hydra
 22076 | Lair:6   | Killed an eight-headed hydra
 22076 | Lair:6   | Reached skill level 10 in Spellcasting
 22144 | Lair:6   | Found a labyrinth entrance.
 22149 | Lab      | Entered a labyrinth
 22683 | Lab      | Noticed a minotaur
 22688 | Lab      | Killed a minotaur
 22688 | Lab      | Reached XP level 13. HP: 63/63 MP: 10/29
 22712 | Lab      | Identified the Catalogue of Creation (You found it in a labyrinth)
 22721 | Lab      | Got a faintly glowing mace
 22729 | Lab      | Got an ichor-stained leather armour
 22730 | Lab      | Identified the +0 leather armour of the Carpenter {Regen+ Dex+2} (You found it in a labyrinth)
 23419 | Lair:6   | Found a blossoming altar of Fedhas.
 23596 | Lair:6   | Reached skill level 5 in Necromancy
 23908 | Lair:6   | Found a staircase to the Swamp.
 24076 | Lair:6   | Noticed a catoblepas
 24095 | Lair:6   | Killed a catoblepas
 24884 | Lair:7   | Received a gift from Sif Muna
 25207 | Lair:7   | Identified Sif Muna's Almanac of Unholy Rites and Venom (Sif Muna gifted it to you on level 7 of the Lair of Beasts)
 25328 | Lair:7   | Learned a level 6 spell: Poisonous Cloud
 26437 | Lair:8   | Entered Level 8 of the Lair of Beasts
 27115 | Lair:8   | Found a staircase to the Slime Pits.
 27115 | Lair:8   | Found a viscous altar of Jiyva.
 27744 | Lair:8   | Reached XP level 14. HP: 68/68 MP: 6/34
 28252 | Lair:8   | Reached skill level 1 in Air Magic
 28524 | Lair:8   | Received a gift from Sif Muna
 28535 | Lair:8   | Identified Homich's Reference Book on Arcane Weapons (Sif Muna gifted it to you on level 8 of the Lair of Beasts)
 28880 | Lair:8   | Found a runed door.
 29008 | Lair:8   | Reached skill level 10 in Poison Magic
 29917 | Lair:1   | Reached skill level 15 in Conjurations
 30353 | D:10     | Noticed a cyclops
 30357 | D:10     | Killed a cyclops
 30628 | D:11     | You fall through a shaft for 2 floors!
 31613 | D:11     | Noticed a hill giant
 31616 | D:11     | Killed a hill giant
 31619 | D:11     | Found a sparkling altar of Nemelex Xobeh.
 31823 | D:11     | Received a gift from Sif Muna
 31824 | D:11     | Identified Uboplesoide's Grimoire of Sinister Rites (Sif Muna gifted it to you on level 11 of the Dungeon)
 32497 | Lair:6   | Reached skill level 15 in Spellcasting
 33409 | D:13     | Reached skill level 1 in Shields
 33569 | D:13     | Paralysed by a great orb of eyes for 7 turns
 33745 | D:12     | Reached skill level 16 in Spellcasting
 34467 | D:14     | Reached XP level 15. HP: 72/72 MP: 25/37
 34723 | D:14     | Found a portal to a secret trove of treasure.
 34948 | D:14     | Noticed Frances
 34953 | D:14     | Killed Frances
 34953 | D:14     | Received a gift from Sif Muna
 34953 | D:14     | Reached skill level 17 in Spellcasting
 35079 | D:14     | Identified Sif Muna's Volume of Cloudy Battle Magic (Sif Muna gifted it to you on level 14 of the Dungeon)
 36053 | D:14     | Found a gate to the Vaults.
 36201 | D:15     | Entered Level 15 of the Dungeon
 36201 | D:15     | Found a staircase to the Depths.
 36436 | D:15     | Reached skill level 18 in Spellcasting
 37747 | D:12     | Noticed Kirke
 38248 | D:12     | Noticed a sphinx
 38274 | D:12     | Killed Kirke
 38522 | D:12     | Found a staircase to the Orcish Mines.
 38564 | D:12     | Got a slimy brass ring
 38631 | D:12     | Identified the ring of Eshanwuete {MP+9 Str+5} (You found it on level 12 of the Dungeon)
 38907 | D:13     | Reached skill level 1 in Fighting
 38997 | D:13     | Reached skill level 1 in Invocations
 39025 | Orc:1    | Entered Level 1 of the Orcish Mines
 39025 | Orc:1    | Found a bloodstained altar of Trog.
 39655 | Orc:1    | Found a flagged portal.
 39664 | Bailey   | Entered a bailey
 40236 | Bailey   | Found a roughly hewn altar of Beogh.
 41185 | Orc:1    | Found a roughly hewn altar of Beogh.
 41318 | Orc:3    | Noticed Harold
 41337 | Orc:2    | Killed Harold
 41495 | Orc:3    | Found a roughly hewn altar of Beogh.
 41592 | Orc:3    | Noticed Donald
 41603 | Orc:3    | HP: 3/80 [disintegration (43)]
 41603 | Orc:3    | Mangled by Donald

Vault maps used:
D:1:      dpeg_arrival_arbitrary_c
D:2:      lemuel_upstairs_altar, grunt_qazlal_clouds, first_bread, minivault_26
D:3:      nicolae_tso_swordbearing_angel
D:4:      old_standard_altar, vehumet_altar_wand_db, uniq_menkaure,
          uniq_eustachio
D:5:      lemuel_crystal_altar, nicolae_ru_the_path_less_chosen
D:6:      minmay_temple_entry_statues_pillars, serial_shops, nicolae_shop_trees
D:7:      makhleb_altar_promises_db, lemuel_crystal_altar,
          nicolae_overflow_crystal_walls, sword_in_stone
D:8:      kennysheep_mini_moat
D:9:      grunt_temple_overflow_opulence, erik_lair_island
D:10:     basic_altar
D:11:     basic_altar, grunt_pizzeria
D:12:     orc_0_dummy, minmay_misc_feat_encased, uniq_kirke
D:13:     minmay_evil_grid
D:14:     david_vaults_1, nicolae_trove_entry_crossroad, minmay_misc_feat_room,
          patterned_corridor, uniq_frances
D:15:     grunt_enter_depths_giant_problem, minmay_misc_feat_roman,
          wad_floor_pattern_untrapped
Lair:1:   special_room, beast_lair_carwin_1, uniq_fannar
Lair:2:   lemuel_fruit_fields, grunt_megastairs_5
Lair:3:   spider_nest_entry_a, grunt_megastairs_3, uniq_rupert
Lair:4:   pond_and_an_island_with_a_cottage, beast_lair_carwin_8,
          infiniplex_staircase_pool, serial_bayou_shore_b
Lair:5:   lemuel_fruit_fields, serial_bayou_shore_a, serial_bayou_shore_b,
          infiniplex_staircase_pool_2, uniq_snorg
Lair:6:   minmay_swamp_entry_worms, lab_entry_generic, basic_altar, tgw_fedhas
Lair:8:   wormcave, guppyfry_lair_end_dragon, slime_altar_1
Orc:1:    enter_bailey_2, special_room, bloody_trog
Orc:3:    basic_altar, nicolae_orc_pool_cavern, elf_legates, uniq_harold,
          uniq_donald
Lab:      labyrinth_green, nicolae_lab_x
Bailey:   bailey_polearm_2, bailey

Action                   |  1- 3 |  4- 6 |  7- 9 | 10-12 | 13-15 || total
-------------------------+-------+-------+-------+-------+-------++-------
Melee: Whip              |    46 |    59 |   101 |       |       ||   206
       Unarmed           |     1 |       |       |       |       ||     1
       Dagger            |     1 |       |       |       |       ||     1
       Falchion          |       |     7 |    83 |       |       ||    90
       Quarterstaff      |       |       |    28 |   185 |       ||   213
       Staff             |       |       |       |       |   186 ||   186
 Cast: Freeze            |    50 |    12 |     1 |    47 |    21 ||   131
       Summon Ice Beast  |       |    24 |    81 |    87 |    15 ||   207
       Throw Icicle      |       |       |    42 |   223 |   209 ||   474
       Poison Arrow      |       |       |       |    13 |   327 ||   340
       Orb of Destructio |       |       |       |     9 |    19 ||    28
       Simulacrum        |       |       |       |       |    19 ||    19
       Poisonous Cloud   |       |       |       |       |    44 ||    44
Invok: Channel Energy    |       |       |     6 |    73 |   153 ||   232
       Forget Spell      |       |       |       |     1 |       ||     1
Evoke: Wand              |       |       |       |     3 |     7 ||    10
  Use: Scroll            |       |       |    16 |    18 |    21 ||    55
       Potion            |       |       |       |    11 |     1 ||    12
 Stab: Sleeping          |     3 |       |     6 |     1 |       ||    10
       Distracted        |       |       |     1 |     2 |       ||     3
  Eat: Chunk             |     2 |     1 |    21 |    47 |    65 ||   136
       Bread ration      |     1 |     2 |     2 |     1 |     4 ||    10
       Fruit             |       |     2 |       |       |    10 ||    12
       Meat ration       |       |       |     1 |     4 |     5 ||    10
       Pizza             |       |       |       |     1 |     3 ||     4
       Royal jelly       |       |       |       |     9 |     6 ||    15
       Beef jerky        |       |       |       |       |     4 ||     4
